 Dungeon Crawl Stone Soup version 0.19-a0-305-g4c536b9 (webtiles) character file.

111 Delvonshi the Ruffian (level 4, -1/48 HPs)
             Began as an Ogre Monk on May 27, 2016.
             Slain by an orc warrior
             ... wielding a +0 mace
              (8 damage)
             ... on level 3 of the Dungeon.
             The game lasted 00:05:25 (2957 turns).

Delvonshi the Ruffian (Ogre Monk)                   Turns: 2957, Time: 00:05:25

Health: -1/48      AC:  3    Str: 17    XL:     4   Next: 92%
Magic:  4/4        EV:  5    Int:  9    God:
Gold:   82         SH: 11    Dex: 12    Spells: 0 memorised, 3 levels left

rFire  . . .     SeeInvis .       - Unarmed
rCold  . . .     Gourm    .     a - +0 robe
rNeg   . . .     Faith    .     e - +0 large shield
rPois  .         Spirit   .     (helmet restricted)
rElec  .         Dismiss  .     (no cloak)
rCorr  .         Reflect  .     (gloves unavailable)
SustAt .         Harm     .     (boots unavailable)
MR     .....                    (no amulet)
Stlth  ++........               (no ring)
                                (no ring)

@: lethally poisoned (-1 -> -35), slowed, very slow, not resistant to hostile
enchantments, unstealthy
A: unfitting armour, tough skin 1
a: no special abilities


You were on level 3 of the Dungeon.
You were very hungry.

You visited 1 branch of the dungeon, and saw 3 of its levels.

You collected 82 gold pieces.

Inventory:

Missiles
 i - a throwing net (quivered)
Armour
 a - a +0 robe (worn)
 e - a +0 large shield (worn)
Jewellery
 j - an uncursed amulet of the gourmand {unknown}
Scrolls
 d - a scroll of enchant armour {unknown}
 k - a scroll of immolation {unknown}
 l - 2 scrolls of identify {unknown}
 q - a scroll of remove curse {unknown}
 s - a scroll of amnesia {unknown}
 v - a scroll of teleportation {unknown}
 x - a scroll of enchant weapon {unknown}
Potions
 c - a potion of beneficial mutation {unknown}
 f - a potion of heal wounds
 g - a potion of lignification {unknown}
 h - a potion of degeneration {unknown}
 m - 2 potions of cure mutation {unknown}
 n - 2 potions of haste {unknown}
 o - a potion of magic {unknown}
 t - 2 potions of might {unknown}
 u - 2 potions of curing {unknown}
Comestibles
 b - 2 bread rations
 p - 4 fruits
 r - a meat ration
 w - a slice of pizza


   Skills:
 - Level 4.0 Fighting
 - Level 2.6 Dodging
 - Level 1.5 Stealth
 + Level 5.5 Unarmed Combat


You had 3 spell levels left.
You didn't know any spells.

Dungeon Overview and Level Annotations

Branches:
Dungeon (3/15)

Altars:
Hepliaklqana
Kikubaaqudgha
Nemelex Xobeh
Ru
Sif Muna
Yredelemnul
Zin
The Shining One


Innate Abilities, Weirdness & Mutations

You are too large for most types of armour.
You have tough skin. (AC +1)


Message History

You feel sick.
You hit the orc warrior but do no damage.
You feel sick.
The orc wizard mumbles some strange words.
The orc wizard blinks!
You block the orc warrior's attack. Something hits you but does no damage.
You are lethally poisoned!
The orc wizard hits you with a dagger.
* * * LOW HITPOINT WARNING * * *
* * * LOW HITPOINT WARNING * * *
You feel very sick. Something hits you.
* * * LOW HITPOINT WARNING * * *
You are more poisoned.
The orc wizard hits you but does no damage.
Something hits you but does no damage.
You are more poisoned.
The orc wizard casts a spell.
The orc wizard blinks!
The orc warrior hits you with a mace!
You die...

#. #..# ..# #.###
##.##.## ?.# #.#
#...#.###..#####.#####
# #..<.#.............#
#.
##.#.........#.###.#
#..#..o.#.........#
#.[ #...#l##.o####.###
### ####.o§...# #.
#.@##.## #.#
#..##.#####.##
#..##...##...####
#..###.......(..# #..#
#..##...##.#
#..###.<###.###.#
#...........# #.#
#.####..##..###.#
#..##......#


You could see an orc warrior, an iguana, an orc wizard and an orc.

Vanquished Creatures
  A gnoll (D:1)
  5 adders
  2 dart slugs
  2 orcs (D:3)
  4 bats
  2 giant cockroaches (D:2)
  2 goblins (D:2)
  6 hobgoblins
  9 jackals
  A quokka (D:2)
  2 ball pythons
  2 giant newts
  5 kobolds
  8 rats
51 creatures vanquished.

Notes
Turn   | Place    | Note
--------------------------------------------------------------
     0 | D:1      | Delvonshi the Ogre Monk began the quest for the Orb.
     0 | D:1      | Reached XP level 1. HP: 24/24 MP: 1/1
   171 | D:1      | Reached skill level 4 in Unarmed Combat
   171 | D:1      | Reached XP level 2. HP: 27/32 MP: 2/2
   690 | D:2      | Reached XP level 3. HP: 24/39 MP: 3/3
  1694 | D:2      | Found a basalt altar of Yredelemnul.
  1697 | D:2      | Reached skill level 5 in Unarmed Combat
  1697 | D:2      | Reached XP level 4. HP: 48/48 MP: 4/4
  1943 | D:2      | Found a glowing golden altar of the Shining One.
  2564 | D:3      | Found a deep blue altar of Sif Muna.
  2564 | D:3      | Found a sacrificial altar of Ru.
  2564 | D:3      | Found a glowing silver altar of Zin.
  2564 | D:3      | Found a hazy altar of Hepliaklqana.
  2572 | D:3      | Found an ancient bone altar of Kikubaaqudgha.
  2572 | D:3      | Found a sparkling altar of Nemelex Xobeh.
  2935 | D:3      | Noticed an orc warrior
  2957 | D:3      | Slain by an orc warrior

Vault maps used:
D:1:      minmay_arrival_wavy_path, serial_curves, eino_curves_03,
          eino_curves_04, serial_bayou_pond_e
D:2:      old_standard_altar, tso_altar
D:3:      lemuel_upstairs_altar, minmay_overflow_temple_hex, first_bread

Skill      XL: |  1  2  3 |
---------------+----------+-----
Unarmed Combat | 4 5 |  5.5
Fighting       | |  4.0
Dodging        | |  2.6
Stealth        | |  1.5

Action                   |  1- 3 |  4- 6 || total
-------------------------+-------+-------++-------
Melee: Unarmed           |    92 |    76 ||   168
  Use: Potion            |       |     1 ||     1
 Stab: Sleeping          |     3 |     2 ||     5
       Distracted        |     1 |       ||     1
  Eat: Chunk             |     2 |     3 ||     5
Armor: Robe              |    24 |    20 ||    44
Dodge: Dodged            |    18 |    11 ||    29
Block: Large shield      |    63 |    41 ||   104
